 Dungeon Crawl Stone Soup version 0.26-a0-651-gb41185065b (webtiles) character file.

Game seed: 886710315882282122

651 Flugslaktarn the Chopper (level 7, -3/67 HPs)
             Began as a Deep Dwarf Fighter on Oct 8, 2020.
             Killed by divine providence
             ... invoked by an orc priest
              (12 damage)
             ... on level 6 of the Dungeon.
             The game lasted 00:01:13 (1965 turns).

Flugslaktarn the Chopper (Deep Dwarf Fighter)       Turns: 1965, Time: 00:01:13

Health: -3/67      AC: 10    Str: 19    XL:     7   Next: 28%
Magic:  6/6        EV:  5    Int:  9    God:
Gold:   157        SH: 10    Dex: 14    Spells: 6/6 levels left

rFire    . . .     SeeInvis .   a - +0 war axe
rCold    . . .     Faith    .   c - +0 kite shield
rNeg     . . .     Spirit   .   q - +0 chain mail
rPois    .         Reflect  .   (no helmet)
rElec    .         Harm     .   (no cloak)
rCorr    .         Rampage  .   f - +0 pair of gloves
MR       +....                  (no boots)
Stlth    ..........             (no amulet)
HPRegen  0.00/turn              j - +4 ring of slaying
MPRegen  0.10/turn              (no ring)

@: lethally poisoned (-3 -> -3), non-regenerating
A: damage resistance, heal wounds, sense surroundings 1, no regeneration
a: Heal Wounds


You were on level 6 of the Dungeon.
You visited 1 branch of the dungeon, and saw 6 of its levels.

You collected 157 gold pieces.

Inventory:

Hand Weapons
 a - a +0 war axe (weapon)
Missiles
 r - a throwing net (quivered)
Armour
 b - a +0 scale mail
 c - a +0 kite shield (worn)
 f - a +0 pair of gloves (worn)
   (You found it on level 2 of the Dungeon)
 q - a +0 chain mail (worn)
   (You found it on level 4 of the Dungeon)
Jewellery
 j - a +4 ring of slaying (left hand)
   (You found it on level 5 of the Dungeon)
Wands
 u - a wand of iceblast (9)
   (You found it on level 3 of the Dungeon)
Scrolls
 g - a scroll of noise {unknown}
 h - 2 scrolls of remove curse {unknown}
 k - 2 scrolls of identify {unknown}
 l - 2 scrolls of blinking {unknown}
 m - a scroll of fog {unknown}
 n - a scroll of magic mapping {unknown}
 o - 2 scrolls of teleportation {unknown}
 t - 2 scrolls of enchant weapon {unknown}
 v - a scroll of enchant armour {unknown}
 w - a scroll of amnesia {unknown}
Potions
 d - a potion of might
 e - 3 potions of lignification {unknown}
 i - a potion of stabbing {unknown}
 p - a potion of flight {unknown}
 s - 2 potions of mutation {unknown}


   Skills:
 * Level 5.0 Fighting
 * Level 5.4 Axes
 + Level 4.7 Armour
 + Level 4.7 Shields


You had 6 spell levels left.
You didn't know any spells.
Your spell library was empty.

Dungeon Overview and Level Annotations

Branches:
Dungeon (6/15)
 Temple: D:4-7

Altars:
Dithmenos
Fedhas
Qazlal
Trog
Uskayaw
Xom
The Shining One

Annotations:
D:2 exclusion: oklob plant
D:3 3 runed translucent doors, donkeybrains's ghost, amateur GrFi


Innate Abilities, Weirdness & Mutations

You are resistant to damage.
You can heal yourself by infusing magical energy.
You passively map a small area around you.
You do not regenerate.


Message History

The orc priest looks satisfied for a moment.
The orc hits you but does no damage. The wyvern skeleton closely misses you.
You are too injured to fight recklessly!
You hit the orc priest.
The orc priest is moderately wounded.
You slash the wyvern skeleton! You slash the orc!
You kill the orc!
You block the wyvern skeleton's attack.
The orc priest hits you with a +0 hand axe.
* * * LOW HITPOINT WARNING * * *
The orc hits you but does no damage. You block the wyvern skeleton's attack.
You are too injured to fight recklessly!
You hit the orc priest.
The orc priest is moderately wounded.
You hit the wyvern skeleton. The orc priest barely misses you.
You block the orc's attack. The wyvern skeleton bites you!
* * * LOW HITPOINT WARNING * * *
The orc priest calls down the wrath of Beogh upon you.
Beogh smites you!
You die...

* #.# #.... .... , * #.#
#.... ....
#..####.###.... )....
#.>[........... ,
.....###########.###....
,............# #.# #....
,_ ......(.....####.#
#.... ,
.....o)o....'....# #....
.......@....########....
.....#Z...#.............
, ...,
#.##.#.###########. , .
,, #. #.#†# ...* #. ,
,,#. #.#.# ##.####† * #.
#.#.# ,......#. , * #.
#.#.. , ,, #.... * , ..
.....,, * *#.... ...,
#....


You could see an orc priest, an orc and a wyvern skeleton.

Vanquished Creatures
  A water moccasin (D:6)
  A sky beast (D:6)
  2 scorpions
  A howler monkey (D:5)
  A centaur zombie (D:6)
  A hound (D:4)
  An orc wizard (D:4)
  A bullfrog skeleton (D:4)
  Jessica (D:3)
  An iguana (D:6)
  A hound zombie (D:5)
  A hound skeleton (D:4)
  4 adders
  A white imp (D:4)
  5 worms
  3 dart slugs
  2 leopard geckos
  7 orcs
  A ball python (D:2)
  4 giant cockroaches
  3 goblins
  4 hobgoblins
  6 jackals
  2 bats
  3 frilled lizards
  2 kobolds
  4 rats
64 creatures vanquished.

Notes
Turn   | Place    | Note
-------+----------+-------------------------------------------
     0 | D:1      | Flugslaktarn the Deep Dwarf Fighter began the quest for the
                  | Orb.
     0 | D:1      | Reached XP level 1. HP: 20/20 MP: 1/1
    38 | D:1      | Reached XP level 2. HP: 21/27 MP: 2/2
   220 | D:2      | Reached XP level 3. HP: 34/34 MP: 2/2
   275 | D:2      | Found a bloodstained altar of Trog.
   290 | D:2      | Found a blossoming altar of Fedhas.
   313 | D:2      | Noticed an oklob plant
   528 | D:2      | Found a hide-covered altar of Uskayaw.
   529 | D:2      | Noticed a +0 hand axe
   529 | D:2      | Noticed a +0 dagger
   562 | D:3      | Found a runed translucent gate.
   562 | D:3      | Found a runed translucent gate.
   565 | D:3      | Noticed donkeybrains's ghost (amateur GrFi)
   566 | D:3      | Found a runed translucent gate.
   586 | D:3      | Noticed Jessica
   593 | D:3      | Killed Jessica
   593 | D:3      | Reached XP level 4. HP: 30/42 MP: 3/3
   840 | D:4      | Reached XP level 5. HP: 33/50 MP: 4/4
  1301 | D:5      | Entered Level 5 of the Dungeon
  1315 | D:5      | Reached XP level 6. HP: 41/57 MP: 5/5
  1691 | D:5      | Found a stormy altar of Qazlal.
  1706 | D:5      | Found a glowing golden altar of the Shining One.
  1706 | D:5      | Found a shimmering altar of Xom.
  1769 | D:5      | Found a shadowy altar of Dithmenos.
  1883 | D:6      | Noticed a sky beast
  1895 | D:6      | Killed a sky beast
  1895 | D:6      | Reached skill level 5 in Axes
  1909 | D:6      | Noticed a water moccasin
  1918 | D:6      | Killed a water moccasin
  1918 | D:6      | Reached XP level 7. HP: 44/66 MP: 6/6
  1959 | D:6      | Reached skill level 5 in Fighting
  1965 | D:6      | Killed from afar by an orc priest

Illustrated notes

Levels and vault maps discovered:
D:1:      dpeg_arrival_windows_large_door, layout_rooms, serial_bayou_pond_e
D:2:      layout_loops_ring, tgw_fedhas, dancing_weapons_uskayaw, bloody_trog,
          uniq_robin
D:3:      layout_loops_ring, ebering_ghost_rock_garden, uniq_jessica
D:4:      layout_basic
D:5:      layout_loops_ring, grunt_qazlal_sundering,
          chequers_temple_overflow_statue_of_worship, grunt_dithmenos_smoke
D:6:      layout_basic, grunt_temple_overflow_open, gup_sewer_entry_spiral,
          uniq_pikel, uniq_grinder

Skill      XL: |  1  2  3  4  5  6  7 |
---------------+----------------------+-----
Fighting       | 3 4 5 |  5.0
Axes           | 3 4 5 |  5.4
Armour         | 4 |  4.7
Shields        | 4 |  4.7

Action                   |  1- 3 |  4- 6 |  7- 9 || total
-------------------------+-------+-------+-------++-------
Melee: War axe           |   100 |   123 |    15 ||   238
 Abil: Heal Wounds       |     2 |     2 |       ||     4
Armor: Scale mail        |    47 |    38 |       ||    85
       Chain mail        |       |    17 |    10 ||    27
Dodge: Dodged            |    22 |    37 |     3 ||    62
Block: Kite shield       |    52 |    61 |    10 ||   123

Table legend: (Time is in decaauts)
 A = Elapsed time spent in this place.
 B = Non-inter-level travel time spent in this place.
 C = Inter-level travel time spent in this place.
 D = Time resting spent in this place.
 E = Time spent auto-exploring this place.
 F = Levels seen in this place.
 G = Mean time per level.
                   A        B        C        D        E       F      G
               +--------+--------+--------+--------+--------+-----+--------+
         Total |   2059 |   1996 |     63 |      0 |   1457 |   6 |  343.2 |
       Dungeon |   2059 |   1996 |     63 |      0 |   1457 |   6 |  343.2 |
               +--------+--------+--------+--------+--------+-----+--------+

Top non-repeatable levels by time:
     D:4: 705 daAuts
     D:5: 559 daAuts
     D:2: 493 daAuts
     D:6: 120 daAuts
     D:1: 106 daAuts
     D:3: 73 daAuts
